[Event "International chess holiday M21"]
[Site "?"]
[Date "2018.07.22"]
[Round "2"]
[White "Kasparov, Sergey"]
[Black "Morling, Joakim"]
[Result "1-0"]
[ECO "C06"]
[WhiteElo "2449"]
[BlackElo "2040"]
[Annotator "Koller,Martin"]
[PlyCount "103"]
[TimeControl "240+2"]

{279MB} 1. e4 e6 2. d4 d5 3. Nd2 Nf6 4. e5 Nfd7 5. Bd3 c5 6. c3 Nc6 7. Ne2 cxd4
8. cxd4 f6 9. exf6 Nxf6 10. Nf3 Bd6 11. O-O Qc7 12. g3 O-O 13. Bf4 Ng4 14. Bxd6
Qxd6 15. Nc3 Qe7 16. h3 Nh6 17. Kg2 Kh8 18. Qe2 Bd7 19. Rad1 Rxf3 20. Qxf3 Nxd4
21. Qe3 Nhf5 22. Bxf5 Nxf5 23. Qe5 Rf8 24. Ne2 Qg5 25. Kh2 Nh4 26. f4 Nf3+ 27.
Kg2 Nxe5 28. fxg5 Kg8 29. Rxf8+ Kxf8 30. Nf4 Nc4 31. Kf2 Kf7 32. Nd3 Ke7 33. h4
Kd6 34. b3 Nb6 35. Re1 Be8 36. Kf3 Bg6 37. Ne5 Be4+ 38. Kf4 Nc8 39. g4 Ne7 40.
Nf7+ Kd7 41. h5 Nc6 42. h6 gxh6 43. gxh6 Nb4 44. Ne5+ Kd6 45. Re3 Nc2 46. Rxe4
dxe4 47. g5 e3 48. g6 e2 49. Nf3 e5+ 50. Ke4 Nd4 51. Ne1 Ne6 52. g7 1-0

[Event "International chess holiday M21"]
[Site "?"]
[Date "2018.07.22"]
[Round "2"]
[White "Dudek, Vojtech"]
[Black "Sedlacek, Tomas"]
[Result "1-0"]
[ECO "A47"]
[WhiteElo "1905"]
[BlackElo "2033"]
[Annotator "Koller,Martin"]
[PlyCount "89"]
[TimeControl "240+2"]

{279MB} 1. d4 e6 2. Bf4 Nf6 3. e3 Be7 4. Bd3 b6 5. h3 Bb7 6. Nf3 c5 7. c3 d6 8.
O-O O-O 9. Nbd2 Nc6 10. Qe2 Rc8 11. Rac1 Re8 12. Bb1 Bf8 13. Rfd1 cxd4 14. cxd4
Nb4 15. e4 h6 16. Bg3 Nh7 17. Qe3 Be7 18. a3 Na6 19. Qd3 Nf8 20. Nf1 Qd7 21.
Ne3 Nc7 22. Bh2 a5 23. Qd2 Ng6 24. Nc4 Na8 25. Qe3 Qd8 26. e5 Bxf3 27. Qxf3 d5
28. Nd6 Bxd6 29. exd6 Qd7 30. Qe3 Nf8 31. Rxc8 Rxc8 32. Rc1 b5 33. Rc5 Nb6 34.
b3 a4 35. Bd3 Rxc5 36. dxc5 Nc8 37. b4 Na7 38. f4 f5 39. Bg3 Kf7 40. Be1 Qc6
41. Bxf5 d4 42. Qe4 exf5 43. Qe7+ Kg8 44. Qxa7 Nd7 45. Qc7 1-0

[Event "International chess holiday M21"]
[Site "?"]
[Date "2018.07.22"]
[Round "2"]
[White "Hurtak, Otto"]
[Black "Vorisek, Jakub"]
[Result "0-1"]
[ECO "D32"]
[WhiteElo "1958"]
[BlackElo "2129"]
[Annotator "Koller,Martin"]
[PlyCount "104"]
[TimeControl "240+2"]

{279MB} 1. d4 d5 2. c4 e6 3. Nc3 c5 4. e3 Nf6 5. Nf3 Nc6 6. cxd5 exd5 7. dxc5
Bxc5 8. Bb5 O-O 9. O-O Bg4 10. Bxc6 bxc6 11. b3 Re8 12. Bb2 Rc8 13. Ne2 Bxf3
14. gxf3 Bd6 15. Kh1 Be5 16. Bxe5 Rxe5 17. Qd4 Qe7 18. Ng3 c5 19. Qh4 Nd7 20.
Qxe7 Rxe7 21. Rfd1 Nb6 22. Rac1 g6 23. e4 Rd7 24. exd5 Rxd5 25. Rxd5 Nxd5 26.
Ne4 Nb4 27. a3 Nd3 28. Rc3 Ne5 29. Rxc5 Rxc5 30. Nxc5 Nxf3 31. Kg2 Nd4 32. f4
Kf8 33. Kf2 Ke7 34. Ke3 Nc2+ 35. Ke4 Kd6 36. Nb7+ Kc7 37. Nc5 Kc6 38. Nd3 f5+
39. Ke5 Nxa3 40. h4 Nc2 41. Kf6 Ne3 42. Kg7 Ng2 43. Kxh7 Nxh4 44. Kh6 Kd5 45.
Kg5 Nf3+ 46. Kxg6 Ke4 47. Nc5+ Kxf4 48. Ne6+ Ke5 49. Kf7 Nd4 50. Nd8 f4 51. Ke7
f3 52. Nf7+ Kf4 0-1

[Event "International chess holiday M21"]
[Site "?"]
[Date "2018.07.22"]
[Round "2"]
[White "Kures, Michael"]
[Black "Philipp, Mathias"]
[Result "0-1"]
[ECO "C24"]
[WhiteElo "1982"]
[BlackElo "2073"]
[Annotator "Koller,Martin"]
[PlyCount "130"]
[TimeControl "240+2"]

{279MB} 1. e4 d6 2. Nc3 Nf6 3. Bc4 e5 4. d3 Be7 5. Nge2 c6 6. f4 b5 7. Bb3 a5
8. a3 Qb6 9. h3 Nh5 10. g3 exf4 11. Bxf4 Nxf4 12. Nxf4 Qe3+ 13. Nce2 Bf6 14. c3
a4 15. Ba2 g6 16. Rf1 Be5 17. Bxf7+ Ke7 18. Rf2 Rf8 19. Ng2 Qa7 20. d4 Bxh3 21.
dxe5 dxe5 22. Qd2 Rxf7 23. Qg5+ Ke8 24. Qxe5+ Qe7 25. Qh8+ Qf8 26. Qxf8+ Kxf8
27. Rxf7+ Kxf7 28. Ngf4 Bg4 29. Nd4 Nd7 30. Nxc6 Re8 31. Nd4 Nc5 32. Kf1 Nxe4
33. Nxb5 Nxg3+ 34. Kg2 Nf5 35. Nd4 Ne3+ 36. Kh2 Nc4 37. Rb1 Rb8 38. Nd3 Bf5 39.
Nxf5 gxf5 40. Rf1 Kf6 41. Rf2 Rb5 42. Kg3 Ne5 43. Nxe5 Rxe5 44. Rf4 Re3+ 45.
Kf2 Re4 46. Rf3 h5 47. Rd3 Ke5 48. Kg3 Rg4+ 49. Kf3 h4 50. Rd2 Rg3+ 51. Kf2 Rg6
52. Rd4 Rg4 53. Rd8 h3 54. Rh8 Rg2+ 55. Kf1 Rxb2 56. Rxh3 Rb3 57. Ke2 Rxa3 58.
Kd3 Ra1 59. Rh2 a3 60. c4 a2 61. Rd2 f4 62. c5 f3 63. c6 f2 64. c7 f1=Q+ 65.
Re2+ Qxe2+ 0-1

[Event "International chess holiday K21"]
[Site "?"]
[Date "2018.07.22"]
[Round "2"]
[White "Krnak, Vladimir"]
[Black "Sniegon, Adam"]
[Result "1-0"]
[ECO "D05"]
[WhiteElo "1705"]
[BlackElo "1817"]
[Annotator "Koller,Martin"]
[PlyCount "83"]
[TimeControl "240+2"]

{279MB} 1. d4 d5 2. Nf3 Nf6 3. Nbd2 e6 4. e3 c5 5. b3 Bd6 6. Bd3 Nc6 7. Bb2 O-O
8. a3 Qc7 9. h3 b6 10. O-O Re8 11. dxc5 bxc5 12. c4 Rb8 13. Qc2 h6 14. Bxf6
gxf6 15. cxd5 exd5 16. Bf5 Kh8 17. Rfc1 Rg8 18. Nh4 Ne7 19. Bxc8 Qxc8 20. Kh1
Qd7 21. Qd1 Rg5 22. Ndf3 Rg7 23. Nh2 Nf5 24. N2f3 Rbg8 25. Qxd5 Nxh4 26. Nxh4
Rg5 27. Qf3 Be5 28. Rab1 Qe7 29. g4 h5 30. Rc4 Qe6 31. Rg1 R8g7 32. Qd1 f5 33.
f4 Bxf4 34. exf4 Qe3 35. Qf3 Qxg1+ 36. Kxg1 fxg4 37. hxg4 Rxg4+ 38. Qxg4 Rxg4+
39. Ng2 h4 40. Rxc5 h3 41. Rh5+ Kg7 42. Rxh3 1-0

[Event "International chess holiday K21"]
[Site "?"]
[Date "2018.07.22"]
[Round "2"]
[White "Pacovsky, Ota"]
[Black "Docekalova, Alexandra"]
[Result "1-0"]
[ECO "C00"]
[WhiteElo "1743"]
[BlackElo "1893"]
[Annotator "Koller,Martin"]
[PlyCount "37"]
[TimeControl "240+2"]

{279MB} 1. e4 e6 2. d3 d5 3. Nd2 Nf6 4. Qe2 c5 5. g3 Be7 6. Bg2 O-O 7. f4 Nc6
8. Ngf3 d4 9. a4 Nd7 10. O-O e5 11. Nc4 f6 12. a5 b5 13. axb6 Nxb6 14. fxe5
Nxc4 15. exf6 Bxf6 16. dxc4 Ne5 17. Nxe5 Bxe5 18. Rxf8+ Qxf8 19. Qh5 1-0

[Event "International chess holiday K21"]
[Site "?"]
[Date "2018.07.22"]
[Round "2"]
[White "Schoenmakers, Nico"]
[Black "Thomasson, Staffan"]
[Result "1-0"]
[ECO "B21"]
[WhiteElo "1782"]
[BlackElo "1868"]
[Annotator "Koller,Martin"]
[PlyCount "63"]
[TimeControl "240+2"]

{279MB} 1. e4 g6 2. f4 Bg7 3. Bc4 c5 4. Nf3 Nc6 5. c3 Nf6 6. e5 Ng4 7. Bxf7+
Kf8 8. Bb3 d5 9. exd6 Qxd6 10. O-O Bf5 11. h3 h5 12. Ng5 c4 13. Bc2 Qc5+ 14.
Kh1 Nf2+ 15. Rxf2 Qxf2 16. Bxf5 gxf5 17. d4 cxd3 18. Nd2 e5 19. fxe5 Nxe5 20.
Ndf3 Re8 21. Bf4 Nxf3 22. Bd6+ Re7 23. Nxf3 Rh6 24. Bxe7+ Kxe7 25. Qxd3 Rg6 26.
Re1+ Re6 27. Rd1 Qb6 28. Qd7+ Kf6 29. Qd2 Qe3 30. Qd8+ Re7 31. h4 Qe4 32. Rd6+
1-0

[Event "International chess holiday K21"]
[Site "?"]
[Date "2018.07.22"]
[Round "2"]
[White "Kasparova, Tatiana"]
[Black "Willockx, Ritsaart"]
[Result "1-0"]
[ECO "B15"]
[WhiteElo "2090"]
[BlackElo "1938"]
[Annotator "Koller,Martin"]
[PlyCount "118"]
[TimeControl "240+2"]

{279MB} 1. e4 g6 2. d4 Bg7 3. Nc3 c6 4. Nf3 d5 5. h3 Nf6 6. exd5 cxd5 7. Ne5
O-O 8. Be3 Nc6 9. Nxc6 bxc6 10. Be2 Qa5 11. O-O Ba6 12. Re1 Bxe2 13. Qxe2 Rab8
14. Nd1 Nd7 15. c3 e6 16. Bf4 e5 17. dxe5 Rfe8 18. Ne3 Bxe5 19. Bxe5 Rxe5 20.
Qd2 Nf6 21. b4 Qb6 22. Ng4 Nxg4 23. hxg4 Rbe8 24. Rxe5 Rxe5 25. Re1 Qc7 26.
Rxe5 Qxe5 27. f3 Qc7 28. Qe3 a5 29. a3 axb4 30. axb4 Qb7 31. Kf2 Qa6 32. f4
Qa2+ 33. Kg3 Qc4 34. f5 gxf5 35. gxf5 Qf1 36. Qg5+ Kf8 37. f6 Qd3+ 38. Kh2 Qg6
39. Qf4 Qh5+ 40. Kg3 Qg6+ 41. Kh4 Ke8 42. Qe5+ Kd7 43. Qe7+ Kc8 44. g4 Qh6+ 45.
Kg3 Qg6 46. Kf4 d4 47. Qe8+ Kc7 48. Qe5+ Kc8 49. Qxd4 h5 50. gxh5 Qxh5 51. Qe5
Qh2+ 52. Ke4 Qe2+ 53. Kd4 Qf2+ 54. Kd3 Qf1+ 55. Kc2 Qc4 56. Kb2 Kb7 57. Qd6 Kc8
58. Qe7 Qd5 59. Qe3 Kd7 1-0

[Event "International chess holiday K21"]
[Site "?"]
[Date "2018.07.22"]
[Round "2"]
[White "Kalvach, Ladislav"]
[Black "Koper, Stefan"]
[Result "1-0"]
[ECO "A36"]
[WhiteElo "1805"]
[BlackElo "1830"]
[Annotator "Koller,Martin"]
[PlyCount "73"]
[TimeControl "240+2"]

{279MB} 1. c4 c5 2. e4 Nc6 3. Nc3 g6 4. g3 Bg7 5. Bg2 d6 6. Nge2 Bg4 7. h3 Bd7
8. O-O Nd4 9. f4 e6 10. d3 Bc6 11. Nxd4 cxd4 12. Ne2 a5 13. f5 gxf5 14. exf5
Bxg2 15. Kxg2 e5 16. Qa4+ Kf8 17. g4 f6 18. Ng3 Qc7 19. Ne4 Rd8 20. Bd2 b6 21.
b4 axb4 22. Bxb4 Ne7 23. Qa3 Nc8 24. g5 Kf7 25. Rac1 Rd7 26. Rf3 Rhd8 27. Rg3
Qc6 28. Kf2 Ra7 29. Qb2 d5 30. cxd5 Qxd5 31. a3 Qd7 32. Qb3+ Qd5 33. Qxd5+ Rxd5
34. Rxc8 Rad7 35. Nd6+ R7xd6 36. Bxd6 Rxd6 37. Rc7+ neèitelné 1-0

[Event "International chess holiday K22"]
[Site "?"]
[Date "2018.07.22"]
[Round "2"]
[White "Hadzala, Daniel"]
[Black "Pribyl, Jaroslav"]
[Result "1/2-1/2"]
[ECO "A07"]
[WhiteElo "2104"]
[BlackElo "1927"]
[Annotator "Koller,Martin"]
[PlyCount "81"]
[TimeControl "240+2"]

{279MB} 1. Nf3 Nf6 2. g3 d5 3. Bg2 g6 4. O-O Bg7 5. d3 O-O 6. Nbd2 b6 7. e4 e6
8. Re1 Bb7 9. e5 Nfd7 10. Nf1 c5 11. Bf4 Nc6 12. h4 h6 13. N1h2 Ne7 14. Qd2 Kh7
15. g4 Rh8 16. c3 Qc7 17. d4 Rac8 18. Rac1 c4 19. Bf1 Kg8 20. Be2 Bc6 21. Bd1
Kf8 22. Rf1 Ke8 23. Bg3 h5 24. Ng5 hxg4 25. Bxg4 Nf5 26. h5 Nf8 27. Bf4 Bh6 28.
Bxf5 Bxg5 29. Bxg5 gxf5 30. h6 Nh7 31. Bf4 Qe7 32. Kh1 Rg8 33. Rg1 Kd7 34. Rg7
Rxg7 35. hxg7 Qh4 36. Rg1 Rg8 37. Qe3 f6 38. Qg3 Qxg3 39. Rxg3 Ke7 40. Nf3 Be8
41. exf6+ 1/2-1/2

[Event "International chess holiday K22"]
[Site "?"]
[Date "2018.07.22"]
[Round "2"]
[White "Plesnivy, Martin"]
[Black "Sittinger, Lutz"]
[Result "1/2-1/2"]
[ECO "D58"]
[WhiteElo "1716"]
[BlackElo "1900"]
[Annotator "Koller,Martin"]
[PlyCount "88"]
[TimeControl "240+2"]

{279MB} 1. d4 Nf6 2. Bg5 e6 3. Nf3 d5 4. e3 Be7 5. Bd3 h6 6. Bh4 Nbd7 7. O-O
O-O 8. c4 b6 9. Nc3 Bb7 10. Rc1 a6 11. cxd5 exd5 12. Bf5 g6 13. Bd3 Ne4 14.
Bxe7 Qxe7 15. Qc2 c5 16. Nd2 Nxd2 17. Qxd2 c4 18. Bb1 b5 19. e4 dxe4 20. Qxh6
Rfe8 21. Rce1 Nf6 22. Qh4 Rad8 23. f3 Rxd4 24. fxe4 Nxe4 25. Qxe7 Rxe7 26. Nxe4
Bxe4 27. Rf6 Kg7 28. Rxa6 f5 29. Rb6 Re5 30. Bxe4 fxe4 31. Kf2 Rd3 32. Re3 Rd2+
33. Re2 e3+ 34. Ke1 Rd7 35. a3 Rd3 36. Rc2 Rf5 37. a4 bxa4 38. Rxc4 Rf2 39. Rg4
Rb3 40. Rbxg6+ Kf7 41. Rg7+ Kf8 42. Rg8+ Kf7 43. R8g7+ Kf8 44. Rg8+ Kf7 1/2-1/2

[Event "International chess holiday K22"]
[Site "?"]
[Date "2018.07.22"]
[Round "2"]
[White "Hager, Eberhard"]
[Black "Ekberg, Karl"]
[Result "1/2-1/2"]
[ECO "B12"]
[WhiteElo "1800"]
[BlackElo "1838"]
[Annotator "Koller,Martin"]
[PlyCount "79"]
[TimeControl "240+2"]

{279MB} 1. e4 c6 2. d4 d5 3. e5 Bf5 4. Nf3 e6 5. Bd3 Bxd3 6. Qxd3 c5 7. Qb5+
Qd7 8. Qxd7+ Nxd7 9. c3 Ne7 10. O-O Nc6 11. a3 Be7 12. Be3 O-O 13. Nbd2 f6 14.
exf6 gxf6 15. dxc5 Bxc5 16. Nb3 Bxe3 17. fxe3 Rac8 18. Nfd4 Kf7 19. Rf2 a6 20.
Rd1 Nce5 21. h3 Nc5 22. Nxc5 Rxc5 23. Nf3 Nxf3+ 24. Rxf3 e5 25. Rf5 Ke6 26.
Rdf1 b5 27. g4 Rc7 28. Kh2 Rg7 29. Rh5 Rg6 30. Rf2 a5 31. Re2 f5 32. gxf5+ Rxf5
33. Rh4 e4 34. b3 Rf1 35. c4 bxc4 36. bxc4 a4 37. cxd5+ Kxd5 38. Rd2+ Kc4 39.
Rxe4+ Kb3 40. Red4 1/2-1/2

[Event "International chess holiday K22"]
[Site "?"]
[Date "2018.07.22"]
[Round "2"]
[White "Hammerman, Christian"]
[Black "Suchy, Ladislav"]
[Result "1-0"]
[ECO "B00"]
[WhiteElo "1813"]
[BlackElo "1832"]
[Annotator "Koller,Martin"]
[PlyCount "61"]
[TimeControl "240+2"]

{279MB} 1. e4 Nc6 2. d4 d5 3. e5 f6 4. Bd3 g6 5. f4 Nh6 6. Nf3 Bf5 7. O-O Be4
8. exf6 exf6 9. Nbd2 f5 10. Bb5 Bd6 11. Ne5 Bxe5 12. fxe5 Ng4 13. Nxe4 dxe4 14.
h3 h5 15. hxg4 hxg4 16. g3 Qd5 17. c4 Qg8 18. Qe2 Rh3 19. Qg2 O-O-O 20. Bxc6
Qxc4 21. Bxb7+ Kxb7 22. Be3 Rdh8 23. Rfe1 Qc2 24. Rac1 Qxg2+ 25. Kxg2 Rh2+ 26.
Kf1 Kc8 27. Bf2 g5 28. Rc6 f4 29. Rxe4 fxg3 30. Bxg3 R2h3 31. Rxg4 1-0

[Event "International chess holiday K22"]
[Site "?"]
[Date "2018.07.22"]
[Round "2"]
[White "Ruzicka, Vaclav"]
[Black "Van Den Eede, Gerrit"]
[Result "0-1"]
[ECO "E62"]
[WhiteElo "1609"]
[BlackElo "1826"]
[Annotator "Koller,Martin"]
[PlyCount "142"]
[TimeControl "240+2"]

{279MB} 1. d4 d6 2. c4 Nf6 3. g3 g6 4. Bg2 Bg7 5. Nc3 O-O 6. e4 Nc6 7. Nf3 e5
8. d5 Nb8 9. h3 a5 10. a4 Na6 11. O-O Nc5 12. Qc2 Bd7 13. Be3 b6 14. Bxc5 bxc5
15. Kh2 h5 16. Nd2 Bh6 17. Ne2 Qe7 18. f4 c6 19. Ra3 cxd5 20. cxd5 Bg7 21. fxe5
Qxe5 22. Nc4 Qe7 23. Nb6 Rab8 24. Nxd7 Nxd7 25. Nc3 Be5 26. Nb5 h4 27. Raf3
Bxg3+ 28. Kh1 Be5 29. Qd2 Nf6 30. Qg5 Nxd5 31. Qxe7 Nxe7 32. b3 Nc6 33. Rd3 Nd4
34. Nxd4 Bxd4 35. Bf3 Be5 36. Bd1 Rb4 37. Re3 Rd4 38. Kg2 Rb8 39. Kf3 f6 40.
Kg4 g5 41. Be2 d5 42. Kf5 c4 43. bxc4 dxc4 44. Rc3 Rb4 45. Rfc1 Rxa4 46. Rxc4
Rdxc4 47. Bxc4+ Kg7 48. Be2 Ra3 49. Bg4 Rc3 50. Rd1 Rc7 51. Rd8 Ra7 52. Bd1 a4
53. Bc2 Kf7 54. Rc8 a3 55. Bb3+ Ke7 56. Ba2 Rc7 57. Ra8 Rc3 58. Ra7+ Kd6 59.
Ra6+ Kc5 60. Kg4 Rg3+ 61. Kf5 Rxh3 62. Bd5 Rg3 63. Rc6+ Kb4 64. Rb6+ Kc3 65.
Rb3+ Kd2 66. Rb1 h3 67. Rh1 g4 68. Kg6 Re3 69. Kh5 Re1 70. Rxe1 Kxe1 71. Kh4 h2
0-1

[Event "International chess holiday M21"]
[Site "?"]
[Date "2018.07.23"]
[Round "3"]
[White "Vorisek, Jakub"]
[Black "Kasparov, Sergey"]
[Result "0-1"]
[ECO "C41"]
[WhiteElo "2129"]
[BlackElo "2449"]
[Annotator "Koller,Martin"]
[PlyCount "78"]
[TimeControl "240+2"]

{279MB} 1. e4 d6 2. d4 Nf6 3. Nc3 e5 4. Nf3 Nbd7 5. Bc4 Be7 6. O-O O-O 7. Bg5
c6 8. Re1 b5 9. Bb3 a6 10. a4 Rb8 11. Qe2 Qb6 12. Rad1 h6 13. Bh4 Re8 14. h3
Bf8 15. axb5 axb5 16. Qf1 Ba6 17. dxe5 dxe5 18. Na2 c5 19. c4 bxc4 20. Bxc4
Bxc4 21. Qxc4 Qxb2 22. Rd2 Qb3 23. Qxb3 Rxb3 24. Red1 Ra8 25. Nc1 Rb1 26. Bxf6
Nxf6 27. Nxe5 Nxe4 28. Rc2 Raa1 29. Kf1 Ng5 30. Nd7 Ne6 31. Nxf8 Kxf8 32. g3 g5
33. Kg2 Ke7 34. Re1 Kf6 35. Rc4 h5 36. Kf1 g4 37. hxg4 hxg4 38. Nd3 Rxe1+ 39.
Nxe1 Nd4 0-1

[Event "International chess holiday M21"]
[Site "?"]
[Date "2018.07.23"]
[Round "3"]
[White "Lokander, Martin"]
[Black "Kures, Michael"]
[Result "1-0"]
[ECO "D15"]
[WhiteElo "2386"]
[BlackElo "1982"]
[Annotator "Koller,Martin"]
[PlyCount "67"]
[TimeControl "240+2"]

{279MB} 1. Nf3 d5 2. c4 c6 3. e3 Nf6 4. Nc3 a6 5. d4 b5 6. c5 Bg4 7. h3 Bh5 8.
g4 Bg6 9. Ne5 Qc7 10. h4 h6 11. Nxg6 fxg6 12. Bd3 e5 13. Bxg6+ Kd8 14. f4 exf4
15. exf4 Qe7+ 16. Kf2 Qd7 17. g5 hxg5 18. hxg5 Rxh1 19. Qxh1 b4 20. gxf6 bxc3
21. Qh8 Qg4 22. fxg7 Nd7 23. gxf8=Q+ Nxf8 24. Qxf8+ Kc7 25. Qd6+ Kb7 26. Qe7+
Kb8 27. Qd8+ Kb7 28. Qb6+ Kc8 29. Qxc6+ Kb8 30. Qd6+ Kc8 31. Qc6+ Kb8 32. Qe8+
Ka7 33. Qe7+ Kb8 34. c6 1-0

[Event "International chess holiday M21"]
[Site "?"]
[Date "2018.07.23"]
[Round "3"]
[White "Morling, Joakim"]
[Black "Dudek, Vojtech"]
[Result "1-0"]
[ECO "A59"]
[WhiteElo "2040"]
[BlackElo "1905"]
[Annotator "Koller,Martin"]
[PlyCount "73"]
[TimeControl "240+2"]

{279MB} 1. d4 Nf6 2. c4 c5 3. d5 b5 4. cxb5 a6 5. bxa6 g6 6. Nc3 Bxa6 7. e4
Bxf1 8. Kxf1 d6 9. g3 Bg7 10. Kg2 Nbd7 11. Nf3 O-O 12. a4 Ra6 13. Re1 Qa8 14.
Nb5 Qb7 15. Rb1 Rb8 16. b3 Ne8 17. Bb2 Bxb2 18. Rxb2 Nc7 19. Nxc7 Qxc7 20. Qe2
Rab6 21. Nd2 Rb4 22. Reb1 Nb6 23. Nc4 Nxc4 24. bxc4 Qa5 25. Rxb4 Rxb4 26. Rxb4
Qxb4 27. Qa2 Qa5 28. Kf1 h6 29. h4 h5 30. Ke2 Kh7 31. Qb3 Kg8 32. e5 dxe5 33.
Qb8+ Kg7 34. Qxe5+ Kg8 35. Qxe7 Qb4 36. Qe8+ Kg7 37. Qb5 1-0

[Event "International chess holiday M21"]
[Site "?"]
[Date "2018.07.23"]
[Round "3"]
[White "Philipp, Mathias"]
[Black "Hurtak, Otto"]
[Result "1-0"]
[ECO "B22"]
[WhiteElo "2073"]
[BlackElo "1958"]
[Annotator "Koller,Martin"]
[PlyCount "85"]
[TimeControl "240+2"]

{279MB} 1. e4 c5 2. Nf3 g6 3. c3 d5 4. exd5 Qxd5 5. d4 Nc6 6. dxc5 Qxd1+ 7.
Kxd1 Nf6 8. Bb5 Bd7 9. Kc2 Bg7 10. Be3 O-O 11. Na3 Rfd8 12. Rad1 e5 13. b4 Bf5+
14. Kb3 Nd5 15. Nc4 Nxe3 16. Nxe3 Be6+ 17. Bc4 e4 18. Ng5 Bxc4+ 19. Nxc4 f5 20.
Ne6 Rd3 21. Rxd3 exd3 22. Rd1 Bh6 23. b5 Nd8 24. Nd4 Rc8 25. Kb4 d2 26. Nxd2
Bf8 27. N2b3 b6 28. Kc4 bxc5 29. Ne2 Nb7 30. a4 Nd6+ 31. Kd5 Ne4 32. Rf1 Nd2
33. Nxd2 Rd8+ 34. Kc4 Rxd2 35. Nf4 Kf7 36. Nd3 Bg7 37. a5 Rc2 38. Rc1 Ra2 39.
b6 axb6 40. axb6 Ra8 41. Nxc5 Bf8 42. b7 Rb8 43. Rb1 1-0

[Event "International chess holiday M21"]
[Site "?"]
[Date "2018.07.23"]
[Round "3"]
[White "Sedlacek, Tomas"]
[Black "Michalek, Frantisek"]
[Result "1/2-1/2"]
[ECO "D03"]
[WhiteElo "2033"]
[BlackElo "2023"]
[Annotator "Koller,Martin"]
[PlyCount "119"]
[TimeControl "240+2"]

{279MB} 1. d4 d5 2. Nf3 Nf6 3. Bg5 h6 4. Bh4 Bf5 5. e3 e6 6. Nbd2 Be7 7. Be2
Nbd7 8. c3 c6 9. O-O O-O 10. Qb3 Qb6 11. Ne5 Rfe8 12. Bxf6 Nxf6 13. f4 Ne4 14.
Nxe4 Bxe4 15. Bd3 Bxd3 16. Nxd3 Qxb3 17. axb3 a6 18. b4 Red8 19. Ra2 Bd6 20. g3
Kf8 21. Kf2 Ke7 22. Kf3 f5 23. b3 Rg8 24. h4 h5 25. Rfa1 Rac8 26. c4 Kd7 27.
Rc1 Ke7 28. Ra5 Kd7 29. Rca1 Ke7 30. Ke2 Bc7 31. R5a2 Bd6 32. Kd2 Kd7 33. Ra5
Ke7 34. b5 cxb5 35. cxb5 Bc7 36. R5a2 axb5 37. Ra7 Rb8 38. Nc5 Bb6 39. Rxb7+
Rxb7 40. Nxb7 Rc8 41. Ra6 Rc6 42. Nc5 Rd6 43. Nd3 Bc7 44. Ra7 Kd8 45. Nc5 Kc8
46. Rb7 b4 47. Rb5 Rb6 48. Rxb6 Bxb6 49. Nxe6 g6 50. Nf8 Bd8 51. Nxg6 Kd7 52.
Ne5+ Ke6 53. Ke2 Be7 54. Kf3 Bd6 55. Nd3 Bf8 56. Nf2 Bd6 57. Nh1 Bf8 58. Kg2
Bd6 59. g4 hxg4 60. Ng3 1/2-1/2

[Event "International chess holiday K21"]
[Site "?"]
[Date "2018.07.23"]
[Round "3"]
[White "Koper, Stefan"]
[Black "Schoenmakers, Nico"]
[Result "1-0"]
[ECO "D35"]
[WhiteElo "1830"]
[BlackElo "1782"]
[Annotator "Koller,Martin"]
[PlyCount "92"]
[TimeControl "240+2"]

{279MB} 1. d4 Nf6 2. c4 e6 3. Nf3 d5 4. cxd5 exd5 5. Nc3 c6 6. Bg5 Be7 7. e3
Ne4 8. Nxe4 dxe4 9. Bxe7 Qxe7 10. Nd2 Nd7 11. Be2 Nf6 12. g4 O-O 13. h4 Nd5 14.
a3 f5 15. gxf5 Bxf5 16. Bg4 Rae8 17. Qe2 Qf6 18. Rh2 Kh8 19. O-O-O Qd6 20. Rg2
c5 21. Bxf5 Rxf5 22. Qg4 Qg6 23. Qxg6 hxg6 24. dxc5 Nf6 25. Nb3 a5 26. a4 Kh7
27. Kb1 Nd5 28. Nxa5 Ra8 29. Nxb7 Rxa4 30. Nd6 Re5 31. Nf7 Rf5 32. Ng5+ Kg8 33.
Rd4 Ra8 34. Rxe4 Nf6 35. Rc4 Rd5 36. Kc2 Rad8 37. f4 Ne8 38. Nf3 Nc7 39. Rxg6
Nb5 40. Rb6 Nc7 41. e4 Rd3 42. Ng5 Rd2+ 43. Kb3 Rf2 44. f5 Re8 45. Rcb4 Rd2 46.
Rb8 Rd3+ 1-0

[Event "International chess holiday K21"]
[Site "?"]
[Date "2018.07.23"]
[Round "3"]
[White "Sniegon, Adam"]
[Black "Kalvach, Ladislav"]
[Result "0-1"]
[ECO "E44"]
[WhiteElo "1817"]
[BlackElo "1805"]
[Annotator "Koller,Martin"]
[PlyCount "85"]
[TimeControl "240+2"]

{279MB} 1. d4 Nf6 2. c4 e6 3. Nc3 Bb4 4. e3 O-O 5. Nge2 b6 6. a3 Be7 7. Ng3 Bb7
8. e4 d6 9. Be3 Nbd7 10. Bd3 c5 11. d5 Ne5 12. O-O Nfg4 13. Bf4 Nxd3 14. Qxd3
e5 15. Bd2 Bc8 16. f3 Nf6 17. Bg5 Ne8 18. Be3 Bg5 19. Bf2 g6 20. b4 Bd7 21.
bxc5 bxc5 22. Rab1 Qc7 23. Rb2 Ng7 24. Rfb1 Rab8 25. Rxb8 Rxb8 26. Nge2 Rb6 27.
h4 Be7 28. Rxb6 Qxb6 29. Qb1 Qxb1+ 30. Nxb1 Ba4 31. Nc1 a6 32. Nd2 Bd8 33. Ndb3
f5 34. Bxc5 dxc5 35. Nxc5 Bb6 36. N1d3 fxe4 37. Kf1 Bc2 38. fxe4 Ne8 39. Ke2
Nd6 40. Nd7 Nxc4 41. N3xe5 Nxe5 42. Nxe5 Bxe4 43. Nd7 0-1

[Event "International chess holiday K21"]
[Site "?"]
[Date "2018.07.23"]
[Round "3"]
[White "Thomasson, Staffan"]
[Black "Pacovsky, Ota"]
[Result "0-1"]
[ECO "D74"]
[WhiteElo "1868"]
[BlackElo "1743"]
[Annotator "Koller,Martin"]
[PlyCount "62"]
[TimeControl "240+2"]

{279MB} 1. Nf3 Nf6 2. g3 g6 3. Bg2 Bg7 4. O-O O-O 5. c4 d5 6. cxd5 Nxd5 7. e4
Nb6 8. d4 N8d7 9. Nc3 c5 10. d5 Nc4 11. h3 Qa5 12. Qe2 b5 13. Bf4 Ba6 14. a4 b4
15. Nb5 Bxb2 16. Qxc4 Bxa1 17. Rxa1 Nb6 18. Qf1 Nxa4 19. Bc7 Qxb5 20. Qc1 Nc3
21. Qh6 f6 22. Nh4 Rf7 23. e5 Bb7 24. Bf1 c4 25. Ra5 Qe8 26. Bxc4 Bxd5 27. Rxd5
Nxd5 28. Bxd5 e6 29. Bxa8 Qxa8 30. Bd6 b3 31. exf6 b2 0-1

[Event "International chess holiday K21"]
[Site "?"]
[Date "2018.07.23"]
[Round "3"]
[White "Willockx, Ritsaart"]
[Black "Krnak, Vladimir"]
[Result "0-1"]
[ECO "C44"]
[WhiteElo "1938"]
[BlackElo "1705"]
[Annotator "Koller,Martin"]
[PlyCount "124"]
[TimeControl "240+2"]

{279MB} 1. e4 e5 2. Nf3 Nc6 3. d4 exd4 4. Bc4 d6 5. c3 Ne5 6. Nxe5 dxe5 7. Qb3
Qe7 8. O-O c5 9. f4 exf4 10. Bxf4 Nf6 11. e5 Ne4 12. Nd2 Nxd2 13. Bxd2 Be6 14.
Bxe6 fxe6 15. Qb5+ Qd7 16. Qxd7+ Kxd7 17. Rf7+ Kc6 18. cxd4 Rd8 19. Rc1 Rxd4
20. Bc3 Rd7 21. Rcf1 Rxf7 22. Rxf7 a6 23. Kf1 Rg8 24. Ke2 c4 25. Bd4 b6 26. Ra7
Bc5 27. Bxc5 Kxc5 28. Rxa6 h5 29. Ra7 g5 30. Rh7 h4 31. Rf7 b5 32. a3 Kd4 33.
Rb7 Kxe5 34. Rxb5+ Kd4 35. Rb7 Rd8 36. Rb5 e5 37. a4 g4 38. Rb4 Kc5 39. Rb5+
Kd4 40. Rb4 Kc5 41. Rb5+ Kd4 42. b3 cxb3 43. Rxb3 Ke4 44. Rb4+ Kf5 45. a5 Ra8
46. Ra4 Ra6 47. Ke3 e4 48. Kd4 Rd6+ 49. Kc5 Rd8 50. a6 e3 51. a7 e2 52. Ra1 Ke4
53. a8=Q+ Rxa8 54. Rxa8 Ke3 55. Re8+ Kf2 56. Kd4 e1=Q 57. Rxe1 Kxe1 58. Ke3 Kf1
59. Kf4 Kxg2 60. Kxg4 h3 61. Kf4 Kxh2 62. Kf3 Kg1 0-1

[Event "International chess holiday K21"]
[Site "?"]
[Date "2018.07.23"]
[Round "3"]
[White "Docekalova, Alexandra"]
[Black "Kasparova, Tatiana"]
[Result "0-1"]
[ECO "A40"]
[WhiteElo "1893"]
[BlackElo "2090"]
[Annotator "Koller,Martin"]
[PlyCount "102"]
[TimeControl "240+2"]

{279MB} 1. e3 e5 2. d4 exd4 3. Qxd4 Nc6 4. Qa4 Nf6 5. Nf3 Be7 6. Be2 O-O 7. O-O
d6 8. c3 Bd7 9. Qc2 h6 10. b4 Qc8 11. Bb2 Bf5 12. Bd3 Bxd3 13. Qxd3 Ne5 14.
Nxe5 dxe5 15. Rd1 Rd8 16. Qe2 Rxd1+ 17. Qxd1 Qf5 18. f3 Rd8 19. Qe2 e4 20. Nd2
exf3 21. Nxf3 Qe6 22. Nd4 Nd5 23. Qf3 Qe5 24. Re1 Bg5 25. e4 Nb6 26. Bc1 Bxc1
27. Rxc1 Re8 28. Re1 Nd5 29. a3 Nf6 30. Nf5 Rd8 31. Ng3 c5 32. Qe3 c4 33. Qxa7
Qxc3 34. Rf1 Rd7 35. b5 Qb2 36. Rf2 Qxb5 37. Qb8+ Kh7 38. Qf4 Rd1+ 39. Nf1 Re1
40. Qd2 Ra1 41. Qd4 Re1 42. Rf5 Rxe4 43. Rxb5 Rxd4 44. Rb6 Rd7 45. Ne3 c3 46.
Rb1 Ne4 47. Rc1 b5 48. Kf1 Rd2 49. Ke1 Ra2 50. Nc2 Nc5 51. Kd1 Nb3 0-1